 Dungeon Crawl Stone Soup version 0.29-a0-409-gd843f3a48c (webtiles) character file.

Game seed: 13655301120458033864

60 Sabo the Magician (level 3, -1/25 HPs)
             Began as a Demonspawn Hedge Wizard on May 14, 2022.
             Was a Follower of Vehumet.
             Slain by a gnoll
             ... wielding a +0 spear
              (6 damage)
             ... on level 2 of the Dungeon.
             The game lasted 00:12:48 (2271 turns).

Sabo the Magician (Demonspawn Hedge Wizard)         Turns: 2271, Time: 00:12:49

Health: -1/25      AC:  5    Str: 10    XL:     3   Next: 80%
Magic:  6/8        EV: 12    Int: 17    God:    Vehumet [*.....]
Gold:   14         SH:  0    Dex: 12    Spells: 8/9 levels left

rFire   . . .      SeeInvis .   g - +0 short sword
rCold   . . .      Faith    .   (no shield)
rNeg    . . .      Spirit   .   b - +0 robe
rPois   .          Reflect  .   c - +0 hat
rElec   .          Harm     .   (no cloak)
rCorr   .          Rampage  .   (no gloves)
Will    .....                   a - +0 pair of boots
Stlth   ++........              (no amulet)
HPRegen 0.08/turn               (no ring)
MPRegen 0.11/turn               (no ring)

@: no status effects
A: icy blue scales 1
a: Renounce Religion


You were on level 2 of the Dungeon.
You worshipped Vehumet.
Vehumet was aware of your devotion.
You visited 1 branch of the dungeon, and saw 2 of its levels.

You collected 14 gold pieces.

Inventory:

Hand Weapons
 g - a +0 short sword (weapon)
Missiles
 h - 47 stones
 l - 5 poisoned darts (quivered)
Armour
 a - a +0 pair of boots (worn)
 b - a +0 robe (worn)
 c - a +0 hat (worn)
 e - a +0 leather armour
Scrolls
 f - a scroll of teleportation {unknown}
 i - a scroll of immolation {unknown}
 k - a scroll of identify {unknown}
 m - a scroll of amnesia {unknown}
Potions
 d - a potion of magic
 j - a potion of brilliance {unknown}


   Skills:
 + Level 0.3 Fighting
 + Level 0.1 Short Blades
 + Level 2.5 Dodging
 + Level 2.0 Stealth
 + Level 3.6 Spellcasting
 + Level 1.5 Conjurations
 + Level 1.1 Summonings
 + Level 0.8 Translocations


You had 8 spell levels left.
You knew the following spells:

 Your Spells              Type           Power      Damage    Failure   Level
a - Magic Dart            Conj           32%        1d4       9%          1

Your spell library contained the following spells:

 Spells                   Type           Power      Damage    Failure   Level
 Shock                    Conj/Air       20%        1d4       12%         1
 Slow                     Hex            12%        N/A       16%         1
 Call Imp                 Summ           7%         N/A       16%         2
 Blink                    Tloc           12%        N/A       17%         2
 Conjure Flame            Conj/Fire      5%         6-21      34%         3
 Mephitic Cloud           Conj/Pois/Air  4%         N/A       36%         3
 Inner Flame              Hex/Fire       3%         N/A       43%         3
 Cause Fear               Hex            1%         N/A       85%         4
 Discord                  Hex            1%         N/A       100%        8


Dungeon Overview and Level Annotations

Branches:
Dungeon (2/15)

Altars:
Vehumet
Beogh


Innate Abilities, Weirdness & Mutations

You are partially covered in icy blue scales. (AC +2)


Message History

Aiming: Magic Dart (safe; 9% risk of failure)
Press: ? - help, Shift-Dir - straight line, f/p - gnoll
Aim: a gnoll, wielding a +0 spear (100% to hit)
You miscast Magic Dart.
Nothing appears to happen.
Casting: Magic Dart (safe; 9% risk of failure)
Confirm with . or Enter, or press ? or * to list all spells.
Aiming: Magic Dart (safe; 9% risk of failure)
Press: ? - help, Shift-Dir - straight line, f/p - gnoll
Aim: a gnoll, wielding a +0 spear (100% to hit)
The magic dart hits the gnoll but does no damage.
The gnoll hits you from afar with a +0 spear.
Casting: Magic Dart (safe; 9% risk of failure)
Confirm with . or Enter, or press ? or * to list all spells.
Aiming: Magic Dart (safe; 9% risk of failure)
Press: ? - help, Shift-Dir - straight line, f/p - gnoll
Aim: a gnoll, wielding a +0 spear (100% to hit)
The magic dart hits the gnoll.
The gnoll is lightly wounded.
The gnoll hits you from afar with a +0 spear!
A gnoll comes into view. It is wielding a +0 whip.
The gnoll hits you but does no damage.
The gnoll hits you from afar with a +0 spear.
The gnoll shouts!
Your magical contamination has completely faded away.
Casting: Magic Dart (safe; 9% risk of failure)
Confirm with . or Enter, or press ? or * to list all spells.
Aiming: Magic Dart (safe; 9% risk of failure)
Press: ? - help, Shift-Dir - straight line, f/p - gnoll
Aim: a gnoll, wielding a +0 spear (100% to hit)
The magic dart hits the gnoll but does no damage.
The gnoll hits you with a +0 spear.
* * * LOW HITPOINT WARNING * * *
You hit the gnoll.
The gnoll is moderately wounded.
The gnoll hits you with a +0 spear.
* * * LOW HITPOINT WARNING * * *
You barely miss the gnoll.
The gnoll is moderately wounded.
The gnoll hits you with a +0 spear.
You die...

#.##.###.## #.#.......#
#.####.#### ##..#.#.#
######### #..##.#.# #.......#
########.###.#.# ###.......#
#....g...# #.#.####.........#
##........###...##...####.####
.............g.g@...........#
###.##.#####.####.#..>......#
.#..##.# #.# ##.#.........#
...###.#####.###..#.........#
..## #.#.<.......##.........#
..####.#.#).......#.........#
.........#..................#
...###.###..............^..<#
|#.# #. #.........##########


You could see 2 gnolls.

Vanquished Creatures
  3 adders (D:2)
  4 endoplasms (D:1)
  2 giant cockroaches (D:1)
  3 goblins
  2 hobgoblins (D:1)
  4 jackals (D:1)
  2 kobolds (D:1)
  A quokka (D:2)
  A ball python (D:2)
  2 bats
  A frilled lizard (D:1)
  6 rats (D:1)
31 creatures vanquished.

Notes
Turn   | Place    | Note
-------+----------+-------------------------------------------
     0 | D:1      | Sabo the Demonspawn Hedge Wizard began the quest for the
                  | Orb.
     0 | D:1      | Reached XP level 1. HP: 13/13 MP: 4/4
   229 | D:1      | Gained mutation: You are partially covered in icy blue
                  | scales. (AC +2) [demonic ancestry]
   229 | D:1      | Reached XP level 2. HP: 16/19 MP: 3/6
   808 | D:1      | Found a faded altar of an unknown god.
   861 | D:1      | Prayed at the altar of an unknown god.
   861 | D:1      | Became a worshipper of Vehumet
   861 | D:1      | Reached * piety under Vehumet
   861 | D:1      | Offered knowledge of Shock by Vehumet.
  1782 | D:2      | Reached XP level 3. HP: 24/24 MP: 5/8
  2271 | D:2      | Slain by a gnoll

Illustrated notes

Levels and vault maps discovered:
D:1:      lemuel_arrival_rhombus, layout_basic,
          hellmonk_ecumenical_altar_defaced_shrine
D:2:      layout_rooms, kennysheep_nondescript, grunt_decor_fettered,
          nrook_campfire, uniq_sigmund

Skill      XL: |  1  2  3 |
---------------+----------+-----
Dodging        | 2 |  2.5
Stealth        | 2 |  2.0
Fighting       | |  0.3
Short Blades   | |  0.1
Spellcasting   | |  3.6
Conjurations   | |  1.5
Summonings     | |  1.1
Translocations | |  0.8

Action                   || total
-------------------------++-------
Melee: Dagger            ||    27
       Short sword       ||    37
       Punch             ||     1
 Cast: Magic Dart        ||    58
 Stab: Sleeping          ||     1
Armor: Robe              ||    23
Dodge: Dodged            ||    42

Table legend: (Time is in decaauts)
 A = Elapsed time spent in this place.
 B = Non-inter-level travel time spent in this place.
 C = Inter-level travel time spent in this place.
 D = Time resting spent in this place.
 E = Time spent auto-exploring this place.
 F = Levels seen in this place.
 G = Mean time per level.
                   A        B        C        D        E       F      G
               +--------+--------+--------+--------+--------+-----+--------+
         Total |   2273 |   2273 |      0 |    920 |      0 |   2 | 1136.5 |
       Dungeon |   2273 |   2273 |      0 |    920 |      0 |   2 | 1136.5 |
               +--------+--------+--------+--------+--------+-----+--------+

Top non-repeatable levels by time:
     D:1: 1751 daAuts
     D:2: 522 daAuts
